 Dungeon Crawl Stone Soup version 0.26-a0-163-g6c8a0bf695 (webtiles) character file.

Game seed: 6839722825910377927

2597 Gargoyl the Chopper (level 9, -7/74 HPs)
             Began as a Centaur Abyssal Knight on July 3, 2020.
             Was an Elder of Lugonu.
             Mangled by Harold
             ... wielding a +3 battleaxe of distortion
              (23 damage)
             ... on level 7 of the Dungeon.
             The game lasted 00:08:14 (7526 turns).

Gargoyl the Chopper (Centaur Abyssal Knight)        Turns: 7526, Time: 00:08:14

Health: -7/74      AC: 10    Str: 20    XL:     9   Next: 33%
Magic:  13/13      EV:  7    Int: 15    God:    Lugonu [****..]
Gold:   402        SH:  0    Dex: 11    Spells: 8/8 levels left

rFire    + + +     SeeInvis .   e - +7 hand axe of Cowardice {vorpal, rF+ rC- Str+4 Int+4}
rCold    + . .     Faith    .   (no shield)
rNeg     . . .     Spirit   .   h - +0 chain mail
rPois    .         Reflect  .   y - +0 helmet
rElec    .         Harm     .   n - scarf {rC+ rF+}
rCorr    .                      (no gloves)
MR       .....                  (no barding)
Stlth    ..........             r - amulet of the acrobat
HPRegen  0.22/turn              p - ring of protection from fire
MPRegen  0.13/turn              i - ring of protection from cold

@: marked, very quick
A: large, hooves 3, deformed body, speed 2, tough skin 3
a: Depart the Abyss, Bend Space, Banish, Corrupt, Renounce Religion


You were on level 7 of the Dungeon.
You worshipped Lugonu.
Lugonu was greatly pleased with you.
You were not hungry.

You visited 1 branch of the dungeon, and saw 8 of its levels.
You visited the Abyss 1 time.

You collected 402 gold pieces.

Inventory:

Hand Weapons
 a - a +1 hand axe
 e - the +7 hand axe of Cowardice (weapon) {vorpal, rF+ rC- Str+4 Int+4}
   (You found it on level 2 of the Abyss)

   It inflicts extra damage upon your enemies.
   It affects your strength (+4).
   It affects your intelligence (+4).
   It protects you from fire.
   It makes you vulnerable to cold.
 x - a +1 war axe
Missiles
 l - 10 boomerangs (quivered)
Armour
 h - a +0 chain mail (worn)
 j - a +2 hat
 n - a scarf of resistance (worn)
 y - a +0 helmet (worn)
Jewellery
 i - a ring of protection from cold (right hand)
 p - a ring of protection from fire (left hand)
 r - an amulet of the acrobat (around neck)
 v - an uncursed ring of see invisible
Wands
 C - a wand of paralysis (6)
Scrolls
 f - 2 scrolls of identify
 q - 2 scrolls of enchant armour
 s - 3 scrolls of remove curse
 B - 2 scrolls of noise {unknown}
Potions
 b - 2 potions of curing
 d - a potion of magic
 g - 3 potions of heal wounds
 k - a potion of might
 m - 2 potions of cancellation
 o - a potion of lignification
 t - a potion of berserk rage {unknown}
 u - 2 potions of haste {unknown}
 w - a potion of mutation {unknown}
 D - a potion of flight {unknown}
Comestibles
 c - 5 rations


   Skills:
 + Level 5.1 Fighting
 + Level 6.3 Axes
 + Level 2.4 Throwing
 * Level 5.2 Armour
 * Level 3.7 Dodging
 * Level 5.7 Invocations
 + Level 0.1 Evocations


You had 8 spell levels left.
You didn't know any spells.
Your spell library contained the following spells:

 Spells                   Type           Power        Failure   Level  Hunger
 Animate Skeleton         Necr           N/A          94%         1    ##.....
 Apportation              Tloc           #.....       94%         1    ##.....
 Corona                   Hex            #......      94%         1    ##.....
 Summon Small Mammal      Summ           #...         94%         1    ##.....


Dungeon Overview and Level Annotations

Branches:
Dungeon (8/15)             Temple (0/1) D:4
   Lair: D:8-11

Altars:
Dithmenos
Hepliaklqana
Nemelex Xobeh
Okawaru
Ru
Sif Muna
Trog
Xom

Annotations:
D:7 Harold


Innate Abilities, Weirdness & Mutations

You have hooves in place of feet.
Armour fits poorly on your strangely shaped body.
You cover ground very quickly.
You have extremely tough skin. (AC +3)


Message History

Harold is moderately wounded.
Harold hits you but does no damage. Space warps horribly around you!
Unknown command.
You slash Harold! Your kick misses Harold.
Harold is heavily wounded.
Harold hits you with a +3 battleaxe of distortion!
Space bends around you.
You hit Harold. You kick Harold, but do no damage.
Harold is severely wounded.
You hit the ice beast.
An iguana comes into view.
The ice beast hits you. The ice beast freezes you. You resist.
Unknown command.
You hit Harold. Your kick misses Harold.
Harold is severely wounded.
You barely miss the ice beast.
Harold hits you with a +3 battleaxe of distortion!
* * * LOW HITPOINT WARNING * * *
Space warps horribly around you!!
You die...

.# .#
.# .
##.#
.#
#..##
..
#>l.#
#.
#<#.#
#..#†#
#
#.Y@#
##.@#
##..
#.##
#..
##. .
#.


You could see Harold, an ice beast and an iguana.

Vanquished Creatures
  A two-headed ogre (D:8)
  A hippogriff (D:8)
  Menkaure (D:6)
  2 phantoms
  An orc warrior (D:8)
  A sky beast (D:4)
  2 ogres
  A centaur (D:5)
  A big kobold (D:8)
  A scorpion (D:6)
  2 howler monkeys
  A bullfrog zombie (D:5)
  A bullfrog skeleton (D:4)
  4 orc priests
  A hound (D:2)
  5 orc wizards
  Jessica (D:3)
  6 worker ants
  A hound zombie (D:5)
  A hound skeleton (D:6)
  A worker ant zombie (D:5)
  9 adders
  A shadow imp (D:5)
  4 white imps
  2 ufetubi
  An ooze (D:5)
  2 adder skeletons
  3 worms
  4 dart slugs (D:1)
  4 leopard geckos
  36 orcs
  6 bats
  5 giant cockroaches
  7 hobgoblins
  9 jackals
  2 quokkas
  2 ball pythons
  3 frilled lizards
  6 goblins
  14 kobolds
  A leopard gecko skeleton (D:6)
  A quokka skeleton (D:5)
  6 rats
164 creatures vanquished.

Notes
Turn   | Place    | Note
-------+----------+-------------------------------------------
     0 | Abyss:1  | Gargoyl the Centaur Abyssal Knight began the quest for the
                  | Orb.
     0 | Abyss:1  | Reached XP level 1. HP: 19/19 MP: 2/2
    17 | Abyss:1  | Found an ornate altar of the Wu Jian Council.
    58 | Abyss:1  | Noticed a large abomination
    90 | Abyss:1  | Noticed a chaos spawn
    99 | Abyss:1  | Noticed a worldbinder
   104 | Abyss:1  | Noticed a vampire mosquito
   105 | Abyss:1  | Noticed an insubstantial wisp
   105 | Abyss:1  | Noticed a swamp drake
   145 | Abyss:1  | Noticed a spatial maelstrom
   146 | Abyss:1  | Noticed an iron imp
   146 | Abyss:1  | Noticed a swamp drake
   147 | Abyss:1  | Noticed a vampire mosquito
   147 | Abyss:1  | Noticed a vampire mosquito
   148 | Abyss:1  | Noticed a large abomination
   152 | Abyss:1  | Noticed a spatial vortex
   158 | Abyss:1  | Found a corrupted altar of Lugonu.
   159 | Abyss:1  | Noticed a spatial vortex
   171 | Abyss:1  | Noticed a spatial vortex
   181 | Abyss:2  | Noticed a small abomination
   186 | Abyss:2  | Noticed a small abomination
   202 | Abyss:2  | Got a crystal hand axe
   203 | D:1      | Escaped the Abyss
   204 | D:1      | Identified the +7 hand axe of Cowardice {vorpal, rF+ rC-
                  | Str+4 Int+4} (You found it on level 2 of the Abyss)
   630 | D:1      | Reached XP level 2. HP: 26/26 MP: 3/3
   649 | D:1      | Reached * piety under Lugonu
   758 | D:1      | Reached skill level 1 in Dodging
  1061 | D:1      | Reached skill level 2 in Axes
  1520 | D:2      | Reached XP level 3. HP: 31/31 MP: 4/4
  1526 | D:2      | Found a sacrificial altar of Ru.
  1863 | D:2      | Reached XP level 4. HP: 39/39 MP: 5/5
  1892 | D:2      | Reached ** piety under Lugonu
  2126 | D:2      | Found a shimmering blue altar of Sif Muna.
  2271 | D:2      | Found a shimmering altar of Xom.
  2272 | D:2      | Found a hazy altar of Hepliaklqana.
  2273 | D:2      | Noticed a spectral ugly thing
  2688 | D:2      | Found a bloodstained altar of Trog.
  2863 | D:3      | Noticed Jessica
  2869 | D:3      | Killed Jessica
  2965 | D:3      | Found a shadowy altar of Dithmenos.
  2968 | D:3      | Reached XP level 5. HP: 24/46 MP: 7/7
  3174 | D:3      | Found a sparkling altar of Nemelex Xobeh.
  3602 | D:4      | Reached skill level 3 in Axes
  3805 | D:4      | Reached XP level 6. HP: 51/52 MP: 8/8
  3815 | D:4      | Reached *** piety under Lugonu
  4239 | D:4      | Found a staircase to the Ecumenical Temple.
  4267 | D:4      | Reached XP level 7. HP: 59/59 MP: 9/9
  4875 | D:5      | Entered Level 5 of the Dungeon
  4974 | D:4      | Reached skill level 4 in Axes
  5180 | D:5      | Found an iron altar of Okawaru.
  5258 | D:5      | Reached skill level 1 in Throwing
  5260 | D:5      | Reached **** piety under Lugonu
  5494 | D:5      | Reached XP level 8. HP: 56/66 MP: 11/11
  6376 | D:6      | Noticed Menkaure
  6387 | D:6      | Killed Menkaure
  6577 | D:6      | Reached skill level 5 in Axes
  7182 | D:7      | Noticed Harold
  7192 | D:8      | Reached skill level 5 in Invocations
  7206 | D:8      | Noticed a two-headed ogre
  7219 | D:8      | Killed a two-headed ogre
  7219 | D:8      | Reached skill level 6 in Axes
  7219 | D:8      | Reached skill level 5 in Armour
  7219 | D:8      | Reached XP level 9. HP: 69/73 MP: 11/13
  7226 | D:8      | Reached skill level 5 in Fighting
  7526 | D:7      | Mangled by Harold

Illustrated notes

Levels and vault maps discovered:
D:1:      giann_forest_graveyard, layout_basic
D:2:      layout_basic, regret_index_temple_of_mockery, marbit_many_paths,
          led_sif_pool, first_ration, nicolae_ru_sacrificial_ziggurat
D:3:      layout_loops_cross, nicolae_dithmenos_through_a_glass_darkly,
          nemelex_xobeh_ov_fountains_minmay, serial_glass, glass_columns_b,
          glass_columns_b, uniq_jessica
D:4:      layout_basic, minmay_temple_entry_junction, serial_co_window_serial,
          co_window_corner_a, co_window_of_opportunity_a, co_window_corner_a,
          co_window_corner_a, co_window_corner_a, co_window_corner_b,
          co_window_broadway_b, co_window_corner_ca, co_window_paths_e,
          co_window_4corner_a, glass_columns_b
D:5:      layout_loops_ring, okawaru_metal_pillars_3, grunt_ministairs_10
D:6:      layout_basic, uniq_menkaure
D:7:      layout_rooms, old_standard_altar, nicolae_overflow_quartered_altars,
          uniq_harold, uniq_duvessa, uniq_crazy_yiuf_cottage
D:8:      layout_loops_ring, serial_glass, glass_columns_b, glass_columns_b

Skill      XL: |  1  2  3  4  5  6  7  8  9 |
---------------+----------------------------+-----
Dodging        | 1 2 3 |  3.7
Axes           | 2 3 4 6 |  6.3
Armour         | 2 3 4 5 |  5.2
Invocations    | 3 4 5 |  5.7
Fighting       | 4 5 |  5.1
Throwing       | 1 2 |  2.4
Evocations     | |  0.1

Action                   |  1- 3 |  4- 6 |  7- 9 || total
-------------------------+-------+-------+-------++-------
Melee: Hand axe          |    50 |   108 |   186 ||   344
       Kick              |     7 |    18 |    34 ||    59
Throw: Boomerang         |       |     8 |    12 ||    20
Invok: Depart the Abyss  |     1 |       |       ||     1
Evoke: Wand              |       |       |     3 ||     3
  Use: Scroll            |     5 |     6 |     6 ||    17
 Stab: Paralysed         |       |       |     6 ||     6
  Eat: Chunk             |     2 |     5 |     9 ||    16
Armor: Leather armour    |     2 |       |       ||     2
       Ring mail         |    12 |    27 |    18 ||    57
       Chain mail        |       |       |    96 ||    96
Dodge: Dodged            |    23 |    66 |    99 ||   188

Table legend:
 A = Non-vault XP
 B = Vault XP
 C = Vault XP percentage of total XP
 D = Non-vault monster count
 E = Vault monster count
 F = Vault count percentage of total count
                 A         B        C        D         E       F
            +---------+---------+-------+---------+---------+-------
      Total |    3329 |     382 |  10.3 |     156 |       8 |   4.9
            +---------+---------+-------+---------+---------+-------
        D:1 |      36 |       0 |   0.0 |      16 |       0 |   0.0
        D:2 |     100 |       2 |   2.0 |      26 |       1 |   3.7
        D:3 |     140 |      37 |  20.9 |      22 |       1 |   4.3
        D:4 |     544 |     171 |  23.9 |      23 |       5 |  17.9
        D:5 |     592 |       0 |   0.0 |      33 |       0 |   0.0
        D:6 |     415 |     172 |  29.3 |      17 |       1 |   5.6
        D:7 |       2 |       0 |   0.0 |       1 |       0 |   0.0
        D:8 |    1500 |       0 |   0.0 |      18 |       0 |   0.0
            +---------+---------+-------+---------+---------+-------
